| TOP OF THE 1ST |
|
West Virginia Power batting - Pitching for Fort Wayne TinCaps : LHP Juan Lopez
|
|
Pitching: LHP Juan Lopez
|
|
|
Batting: RHB Terrence Wilson
|
0-0: Ball 1-0: Called Strike 1-1: Ball 2-1: Ball 3-1: Base on Balls
|
|
Batting: RHB Brandon White
|
0-0: Ball 1-0: Ball 2-0: Foul Ball, location: 2F 2-1: Ball 3-1: Called Strike 3-2: Foul Ball, location: 2F 3-2: Strikes out swinging Terrence Wilson steals 2nd base Batter strikes out.
|
|
Batting: RHB Alain Marquet
|
0-0: Foul Ball, location: 2F 0-1: Ball 1-1: Swinging Strike 1-2: Strikes out swinging
|
|
Batting: LHB Gregg Kellerman
|
0-0: Ball 1-0: Called Strike 1-1: Foul Ball, location: 2F 1-2: Ball 2-2: Strikes out looking
|
| Top of the 1st over - 0 runs, 0 hits, 0 errors, 1 left on base; West Virginia 0 - Fort Wayne 0 |
| BOTTOM OF THE 1ST |
|
Fort Wayne TinCaps batting - Pitching for West Virginia Power : RHP Fred McIlrath
|
|
Pitching: RHP Fred McIlrath
|
|
|
Batting: SHB Detlef Oursler
|
0-0: Ball 1-0: Ball 2-0: Ball 3-0: Base on Balls
|
|
Batting: LHB Tony Contreras
|
0-0: Called Strike 0-1: Called Strike Detlef Oursler steals 2nd base 0-2: Foul Ball, location: 2F 0-2: Strikes out swinging
|
|
Batting: LHB Sean Trueblood
|
0-0: Foul Ball, location: 2F 0-1: Foul Ball, location: 2F 0-2: Ball 1-2: Ball 2-2: Foul Ball, location: 2F 2-2: Strikes out swinging
|
|
Batting: LHB Justin Alworth
|
0-0: Ball 1-0: Called Strike 1-1: Ball 2-1: Reached on error, E6 (Groundball, 6, EV 83.8 MPH) Detlef Oursler to third
|
|
Batting: SHB Cesar Arteaga
|
0-0: Ball 1-0: Called Strike 1-1: Fielders Choice at 2nd, 5-4 (Groundball, 5, EV 81.9 MPH)
|
| Bottom of the 1st over - 0 runs, 0 hits, 1 error, 2 left on base; West Virginia 0 - Fort Wayne 0 |
| TOP OF THE 2ND |
|
West Virginia Power batting - Pitching for Fort Wayne TinCaps : LHP Juan Lopez
|
|
Batting: RHB Dave Fredericks
|
0-0: Called Strike 0-1: Swinging Strike 0-2: Ball 1-2: Strikes out swinging
|
|
Batting: RHB Tim Moore
|
0-0: Ball 1-0: Ground out 4-3 (Groundball, 4, EV 103.1 MPH)
|
|
Batting: RHB Perry Dominey
|
0-0: Called Strike 0-1: Swinging Strike 0-2: Ball 1-2: Strikes out swinging
|
| Top of the 2nd over - 0 runs, 0 hits, 0 errors, 0 left on base; West Virginia 0 - Fort Wayne 0 |
| BOTTOM OF THE 2ND |
|
Fort Wayne TinCaps batting - Pitching for West Virginia Power : RHP Fred McIlrath
|
|
Batting: RHB Adrian Cook
|
0-0: Swinging Strike 0-1: Ball 1-1: Foul Ball, location: 2F 1-2: Foul Ball, location: 2F 1-2: Ball 2-2: SINGLE (Groundball, 34D, EV 101.2 MPH)
|
|
Batting: LHB Ryan Anderson
|
0-0: Ball 1-0: Called Strike Adrian Cook steals 2nd base 1-1: Foul Ball, location: 2F 1-2: Foul Ball, location: 2F 1-2: Ground out 6-3 (Groundball, 56, EV 97.5 MPH)
|
|
Batting: RHB Danny Gallegos
|
0-0: Ground out 5-3 (Groundball, 56, EV 98.8 MPH)
|
|
Batting: RHB Ricky Trejo
|
0-0: Ball 1-0: Fly out, F6 (Line Drive, 6MD, EV 65.0 MPH)
|
| Bottom of the 2nd over - 0 runs, 1 hit, 0 errors, 1 left on base; West Virginia 0 - Fort Wayne 0 |
| TOP OF THE 3RD |
|
West Virginia Power batting - Pitching for Fort Wayne TinCaps : LHP Juan Lopez
|
|
Batting: RHB Chris Beckham
|
0-0: Called Strike 0-1: Swinging Strike 0-2: Ball 1-2: Fly out, F9 (Line Drive, 89M, EV 103.1 MPH)
|
|
Pitching: RHP Kurt Loscalzo
|
|
|
Batting: RHB Bob Raine
|
0-0: Ground out 5-3 (Groundball, 25, EV 80.6 MPH)
|
|
Batting: RHB Terrence Wilson
|
0-0: Swinging Strike 0-1: Ground out 5-3 (Groundball, 5L, EV 80.0 MPH)
|
| Top of the 3rd over - 0 runs, 0 hits, 0 errors, 0 left on base; West Virginia 0 - Fort Wayne 0 |
| BOTTOM OF THE 3RD |
|
Fort Wayne TinCaps batting - Pitching for West Virginia Power : RHP Fred McIlrath
|
|
Batting: SHB Detlef Oursler
|
0-0: Ground out 4-3 (Groundball, 4, EV 88.8 MPH)
|
|
Batting: LHB Tony Contreras
|
0-0: Called Strike 0-1: DOUBLE (Line Drive, 78XD, EV 108.8 MPH)
|
|
Batting: LHB Sean Trueblood
|
0-0: Ball 1-0: SINGLE (Flyball, 34D, EV 89.4 MPH) Tony Contreras to third
|
|
Batting: LHB Justin Alworth
|
0-0: Called Strike 0-1: Ball 1-1: Fly out, F7 (Flyball, 7LDF, EV 88.8 MPH) Runner from 3rd tags up, SCORES, no throw by LF
|
|
Batting: SHB Cesar Arteaga
|
0-0: Called Strike 0-1: Ball 1-1: Ball 2-1: Called Strike 2-2: Ball 3-2: Base on Balls Sean Trueblood to second
|
|
Batting: RHB Adrian Cook
|
0-0: Called Strike 0-1: Ball 1-1: Ground out 4-3 (Groundball, 4, EV 81.9 MPH)
|
| Bottom of the 3rd over - 1 run, 2 hits, 0 errors, 2 left on base; West Virginia 0 - Fort Wayne 1 |
| TOP OF THE 4TH |
|
West Virginia Power batting - Pitching for Fort Wayne TinCaps : RHP Kurt Loscalzo
|
|
Batting: RHB Brandon White
|
0-0: Ground out 5-3 (Groundball, 56, EV 103.1 MPH)
|
|
Batting: RHB Alain Marquet
|
0-0: Ball 1-0: Called Strike 1-1: Foul Ball, location: 2F 1-2: Ball 2-2: Strikes out swinging
|
|
Batting: LHB Gregg Kellerman
|
0-0: Called Strike 0-1: Ball 1-1: Ball 2-1: Ball 3-1: Called Strike 3-2: Strikes out swinging
|
| Top of the 4th over - 0 runs, 0 hits, 0 errors, 0 left on base; West Virginia 0 - Fort Wayne 1 |
| BOTTOM OF THE 4TH |
|
Fort Wayne TinCaps batting - Pitching for West Virginia Power : RHP Fred McIlrath
|
|
Batting: LHB Ryan Anderson
|
0-0: Called Strike 0-1: Swinging Strike 0-2: Strikes out looking
|
|
Batting: RHB Danny Gallegos
|
0-0: Fly out, F3 (Popup, 34, EV 65.0 MPH)
|
|
Batting: RHB Ricky Trejo
|
0-0: Ball 1-0: Ground out 4-3 (Groundball, 34, EV 86.9 MPH)
|
| Bottom of the 4th over - 0 runs, 0 hits, 0 errors, 0 left on base; West Virginia 0 - Fort Wayne 1 |
| TOP OF THE 5TH |
|
West Virginia Power batting - Pitching for Fort Wayne TinCaps : RHP Kurt Loscalzo
|
|
Batting: RHB Dave Fredericks
|
0-0: Foul Ball, location: 2F 0-1: Ball 1-1: Foul Ball, location: 2F 1-2: Strikes out swinging
|
|
Batting: RHB Tim Moore
|
0-0: SINGLE (Groundball, 4MD, EV 101.9 MPH)
|
|
Batting: RHB Perry Dominey
|
0-0: Foul Ball, location: 2F 0-1: Swinging Strike 0-2: Ball 1-2: Ball 2-2: SINGLE (Groundball, 6S, EV 65.0 MPH) (infield hit) Tim Moore to second
|
|
Batting: RHB Chris Beckham
|
0-0: Ball 1-0: Called Strike 1-1: Ball 2-1: Called Strike 2-2: Ball 3-2: Foul Ball, location: 2F 3-2: Strikes out swinging
|
|
Batting: RHB Bob Raine
|
0-0: Ball 1-0: Called Strike 1-1: Foul Ball, location: 2F 1-2: Strikes out swinging
|
| Top of the 5th over - 0 runs, 2 hits, 0 errors, 2 left on base; West Virginia 0 - Fort Wayne 1 |
| BOTTOM OF THE 5TH |
|
Fort Wayne TinCaps batting - Pitching for West Virginia Power : RHP Fred McIlrath
|
|
Batting: SHB Detlef Oursler
|
0-0: Foul Ball, location: 2F 0-1: Foul Ball, location: 2F 0-2: Ball 1-2: Ball 2-2: Foul Ball, location: 2F 2-2: Foul Ball, location: 2F 2-2: Ball 3-2: Foul Ball, location: 2F 3-2: Ground out 4-3 (Groundball, 4, EV 106.9 MPH)
|
|
Batting: LHB Tony Contreras
|
0-0: Called Strike 0-1: Ball 1-1: SINGLE (Groundball, 4M, EV 108.8 MPH) (infield hit)
|
|
Batting: LHB Sean Trueblood
|
0-0: Foul Ball, location: 2F 0-1: Grounds into double play, 5-4-3 (Groundball, 5, EV 101.2 MPH)
|
| Bottom of the 5th over - 0 runs, 1 hit, 0 errors, 0 left on base; West Virginia 0 - Fort Wayne 1 |
| TOP OF THE 6TH |
|
West Virginia Power batting - Pitching for Fort Wayne TinCaps : RHP Kurt Loscalzo
|
|
Batting: RHB Terrence Wilson
|
0-0: SINGLE (Groundball, 6MD, EV 97.5 MPH)
|
|
Batting: RHB Brandon White
|
0-0: Called Strike Terrence Wilson is caught stealing 2nd base 2-4 0-1: SINGLE (Line Drive, 56D, EV 107.5 MPH)
|
|
Batting: RHB Alain Marquet
|
0-0: Called Strike 0-1: Swinging Strike 0-2: Foul Ball, location: 2F 0-2: Ball 1-2: Strikes out looking
|
|
Pitching: RHP Mike Swenson
|
|
|
Batting: LHB Gregg Kellerman
|
0-0: Ball 1-0: Called Strike 1-1: Ball Brandon White is caught stealing 2nd base 2-6
|
| Top of the 6th over - 0 runs, 2 hits, 0 errors, 0 left on base; West Virginia 0 - Fort Wayne 1 |
| BOTTOM OF THE 6TH |
|
Fort Wayne TinCaps batting - Pitching for West Virginia Power : RHP Fred McIlrath
|
|
Batting: LHB Justin Alworth
|
0-0: Foul Ball, location: 2F 0-1: Ball 1-1: Foul Ball, location: 2F 1-2: Ball 2-2: SOLO HOME RUN (Flyball, 8LXD, EV 105.0 MPH), Distance : 406 ft
|
|
Batting: SHB Cesar Arteaga
|
0-0: Ball 1-0: Ball 2-0: Foul Ball, location: 2F 2-1: Ground out 6-3 (Groundball, 6M, EV 81.9 MPH)
|
|
Batting: RHB Adrian Cook
|
0-0: Ball 1-0: SINGLE (Line Drive, 89S, EV 98.1 MPH)
|
|
Batting: LHB Ryan Anderson
|
0-0: Ball Adrian Cook is caught stealing 2nd base 2-6 1-0: Foul Ball, location: 2F 1-1: Foul Ball, location: 2F 1-2: Strikes out swinging
|
| Bottom of the 6th over - 1 run, 2 hits, 0 errors, 0 left on base; West Virginia 0 - Fort Wayne 2 |
| TOP OF THE 7TH |
|
West Virginia Power batting - Pitching for Fort Wayne TinCaps : RHP Mike Swenson
|
|
Batting: LHB Gregg Kellerman
|
0-0: Ball 1-0: Ball 2-0: Swinging Strike 2-1: DOUBLE (Line Drive, 78XD, EV 109.4 MPH)
|
|
Batting: RHB Dave Fredericks
|
0-0: Ball 1-0: Ground out 6-3 (Groundball, 6, EV 77.5 MPH)
|
|
Batting: RHB Tim Moore
|
0-0: Fly out, F4 (Popup, 34D, EV 65.0 MPH)
|
|
Batting: RHB Perry Dominey
|
0-0: Called Strike 0-1: Ball 1-1: SINGLE (Groundball, 56D, EV 98.8 MPH) Gregg Kellerman to third Runner from 3rd tries for Home, SAFE, throw by LF to home Perry Dominey to second
|
|
Batting: RHB Chris Beckham
|
0-0: Swinging Strike 0-1: Swinging Strike 0-2: Strikes out swinging
|
| Top of the 7th over - 1 run, 2 hits, 0 errors, 1 left on base; West Virginia 1 - Fort Wayne 2 |
| BOTTOM OF THE 7TH |
|
Fort Wayne TinCaps batting - Pitching for West Virginia Power : RHP Fred McIlrath
|
|
Batting: RHB Danny Gallegos
|
0-0: DOUBLE (Line Drive, 7LM, EV 87.5 MPH)
|
|
Batting: RHB Ricky Trejo
|
0-0: Swinging Strike 0-1: Called Strike 0-2: Ball 1-2: Fly out, F6 (Line Drive, 6, EV 60.6 MPH) Lined into DP, 6-4 (Line Drive, 6, EV 68.1 MPH)
|
|
Batting: SHB Detlef Oursler
|
0-0: Ball 1-0: Ball 2-0: Called Strike 2-1: Foul Ball, location: 2F 2-2: Ball 3-2: Base on Balls
|
|
Pitching: RHP Mike West
|
|
|
Batting: LHB Tony Contreras
|
0-0: Called Strike Detlef Oursler is caught stealing 2nd base 2-6
|
| Bottom of the 7th over - 0 runs, 1 hit, 0 errors, 0 left on base; West Virginia 1 - Fort Wayne 2 |
| TOP OF THE 8TH |
|
West Virginia Power batting - Pitching for Fort Wayne TinCaps : RHP Mike Swenson
|
|
Batting: RHB Bob Raine
|
0-0: Called Strike 0-1: Fly out, F9 (Flyball, 9D, EV 90.6 MPH)
|
|
Batting: RHB Terrence Wilson
|
0-0: Called Strike 0-1: SINGLE (Groundball, 56D, EV 103.8 MPH)
|
|
Batting: RHB Brandon White
|
0-0: Called Strike 0-1: Foul Ball, location: 2F 0-2: Foul Ball, location: 2F 0-2: Foul Ball, location: 2F 0-2: Ball 1-2: Foul Ball, location: 2F 1-2: Strikes out swinging
|
|
Batting: RHB Alain Marquet
|
0-0: Called Strike 0-1: Ground out 5-3 (Groundball, 56S, EV 76.2 MPH)
|
| Top of the 8th over - 0 runs, 1 hit, 0 errors, 1 left on base; West Virginia 1 - Fort Wayne 2 |
| BOTTOM OF THE 8TH |
|
Fort Wayne TinCaps batting - Pitching for West Virginia Power : RHP Mike West
|
|
Batting: LHB Tony Contreras
|
0-0: Called Strike 0-1: Ball 1-1: Foul Ball, location: 2F 1-2: Strikes out swinging
|
|
Batting: LHB Sean Trueblood
|
0-0: Ball 1-0: Ball 2-0: Called Strike 2-1: Swinging Strike 2-2: Strikes out looking
|
|
Batting: LHB Justin Alworth
|
0-0: Swinging Strike 0-1: Fly out, F8 (Flyball, 8RM, EV 90.0 MPH)
|
| Bottom of the 8th over - 0 runs, 0 hits, 0 errors, 0 left on base; West Virginia 1 - Fort Wayne 2 |
| TOP OF THE 9TH |
|
West Virginia Power batting - Pitching for Fort Wayne TinCaps : RHP Mike Swenson
|
|
Pitching: RHP Phil Holmes
|
|
|
Now at 1B: Marcus Dawson
|
|
|
Batting: LHB Gregg Kellerman
|
0-0: Ball 1-0: Called Strike 1-1: Swinging Strike 1-2: Foul Ball, location: 2F 1-2: Strikes out swinging
|
|
Batting: RHB Dave Fredericks
|
0-0: Swinging Strike 0-1: Called Strike 0-2: Foul Ball, location: 2F 0-2: Strikes out swinging
|
|
Batting: RHB Tim Moore
|
0-0: Ball 1-0: Called Strike 1-1: Foul Ball, location: 2F 1-2: Strikes out looking
|
| Top of the 9th over - 0 runs, 0 hits, 0 errors, 0 left on base; West Virginia 1 - Fort Wayne 2 |
|